 Dungeon Crawl Stone Soup version 0.28-a0-1518-gbe868bca14 (webtiles) character file.

Game seed: 6533518538261888879

1593 Majang the Skirmisher (level 8, 0/73 HPs)
             Began as a Ghoul Delver on Jan 17, 2022.
             Was an Elder of Lugonu.
             Slain by an orc warrior (7 damage)
             ... on level 6 of the Dungeon.
             The game lasted 00:20:36 (3993 turns).

Majang the Skirmisher (Ghoul Delver)                Turns: 3993, Time: 00:20:38

Health: 0/73       AC:  7    Str: 18    XL:     8   Next: 93%
Magic:  9/9        EV:  8    Int:  5    God:    Lugonu [****..]
Gold:   205        SH: 13    Dex: 10    Spells: 7/7 levels left

rFire   . . .      SeeInvis .   e - +6 shillelagh "Devastator" {shatter}
rCold   + . .      Faith    .   h - +0 kite shield
rNeg    + + +      Spirit   .   p - +0 scale mail
rPois   ∞          Reflect  +   n - +0 helmet
rElec   .          Harm     .   m - scarf {+Inv}
rCorr   .          Rampage  .   (no gloves)
Will    .....                   (no boots)
Stlth   +.........              l - amulet of reflection
HPRegen 0.00/turn               t - ring of flight
MPRegen 0.11/turn               (no ring)

@: flying, inhibited regen
A: claws 1, cold resistance 1, negative energy resistance 3, inhibited
regeneration, torment resistance 2
a: Renounce Religion, Evoke Invisibility, Depart the Abyss, Bend Space, Banish,
Corrupt


You were on level 6 of the Dungeon.
You worshipped Lugonu.
Lugonu was greatly pleased with you.
You visited 1 branch of the dungeon, and saw 6 of its levels.

You collected 205 gold pieces.

Inventory:

Hand Weapons
 c - a +3 flail of holy wrath
 e - the +6 shillelagh "Devastator" (weapon) {shatter}
   (You found it on level 2 of the Dungeon)

   It releases a powerful concussive burst when it strikes, dealing extra damage
   to the target and all other foes adjacent to them.
Armour
 h - a +0 kite shield (worn)
 i - a +0 chain mail
 m - a scarf of invisibility (worn)
 n - a +0 helmet (worn)
 p - a +0 scale mail (worn)
Jewellery
 j - an amulet of magic regeneration
 l - an amulet of reflection (around neck)
 s - a ring of magical power
 t - a ring of flight (left claw)
Wands
 f - a wand of digging (2)
 o - a wand of charming (6)
 v - a wand of iceblast (7)
Scrolls
 a - 3 scrolls of amnesia {unknown}
 b - 3 scrolls of fog
 d - 2 scrolls of fear
 w - a scroll of teleportation {unknown}
Potions
 q - a potion of attraction {unknown}
 r - 2 potions of cancellation
 u - a potion of ambrosia {unknown}
 x - a potion of invisibility {unknown}
 z - a potion of brilliance {unknown}
 A - a potion of mutation {unknown}


   Skills:
 * Level 7.2 Fighting
 * Level 4.8 Maces & Flails
 + Level 3.0 Armour
 + Level 3.6 Dodging
 - Level 5.4 Stealth
 + Level 2.9 Shields
 - Level 2.9 Unarmed Combat
 + Level 3.6 Invocations


You had 7 spell levels left.
You didn't know any spells.
Your spell library contained the following spells:

 Spells                   Type           Power      Damage    Failure   Level
 Corpse Rot               Necr/Air       0%         N/A       100%        2
 Poisonous Vapours        Pois/Air       0%         N/A       100%        2


Dungeon Overview and Level Annotations

Branches:
Dungeon (6/15)             Temple (0/1) D:6

Altars:
Sif Muna
Zin
Lugonu

Shops:
D:1 *


Innate Abilities, Weirdness & Mutations

You thrive by killing the living.
You are immune to poison.
You have sharp fingernails.
Your flesh is cold resistant. (rC+)
You are immune to negative energy. (rN+++)
You do not regenerate when monsters are visible.
You are immune to unholy pain and torment.


Message History

The boulder beetle stops rolling and uncurls.
The boulder beetle leaps!
An orc warrior comes into view. It is wielding a +0 trident.
The kobold brigand throws a poisoned dart.
The poisoned dart hits you!
Okay, then.
Okay, then.
An orc comes into view. It is wielding a +0 mace.
The orc shouts!
An orc priest comes into view. It is wielding a +0 dagger.
The orc priest shouts!
The orc priest mumbles some strange prayers to Beogh against you.
Beogh smites you!
* * * LOW HITPOINT WARNING * * *
The orc warrior shouts!
You see here a +0 short sword.
You feel better.
Items here: )) ††.
The boulder beetle leaps!
Things that are here:
a +0 short sword; 3 stones; a kobold corpse You see here a hound corpse.
It was a potion of flight.
You feel more buoyant.
The orc priest hits you but does no damage.
You see here a hound corpse.
You sock the orc priest!
The orc priest shudders.
You kill the orc priest!
Lugonu accepts your kill.
Your Armour skill increases to level 3!
Unknown command.
You block the orc warrior's attack.
You see here a hound corpse.
You thump the orc warrior!
The orc warrior and the kobold brigand shudder.
The orc warrior is moderately wounded.
The kobold brigand is heavily wounded.
The orc warrior is moderately wounded.
The orc warrior hits you with a +0 trident!
You die...

#.# #..######.........
#.###............>....
#......B..K.#.........
#####.#####.#o.⌠.o.⌠..
#°# #.○..o...... #.#
#.#))....... #K#
####)##.##.
#.########o#..#
#.......@oK...#
############.## .# #


You could see an orc warrior, a kobold brigand and an orc.

Vanquished Creatures
  Grinder (D:5)
  Edmund (D:5)
  A necrophage (D:5)
  An ogre (D:5)
  A phantom (D:5)
  A bullfrog (D:5)
  4 scorpions
  A water moccasin zombie (D:5)
  A water moccasin skeleton (D:6)
  A bullfrog zombie (D:5)
  A centaur zombie (D:5)
  A hound (D:6)
  4 orc priests
  2 bullfrog skeletons
  2 iguanas
  3 orc wizards
  A hound zombie (D:5)
  3 gnolls (D:4)
  4 adders
  An adder skeleton (D:4)
  4 worms
  A dart slug (D:4)
  18 orcs
  5 bats
  11 endoplasms
  3 giant cockroaches
  7 goblins
  8 hobgoblins
  7 jackals
  13 kobolds
  4 quokkas
  6 ball pythons
  11 frilled lizards
  6 rats
139 creatures vanquished.

Vanquished Creatures (others)
  3 plants (D:5)
3 creatures vanquished.

Grand Total: 142 creatures vanquished

Notes
Turn   | Place    | Note
-------+----------+-------------------------------------------
     0 | D:5      | Majang the Ghoul Delver began the quest for the Orb.
     0 | D:5      | Reached XP level 1. HP: 19/19 MP: 0/0
    65 | D:5      | Noticed Edmund
   139 | D:5      | Noticed an iguana
   179 | D:5      | Noticed a necrophage
   184 | D:5      | Noticed Grinder
   187 | D:5      | Noticed an ogre
   246 | D:3      | Reached XP level 2. HP: 15/26 MP: 1/1
   540 | D:2      | Found the +6 shillelagh "Devastator" {shatter}
   761 | D:2      | Reached XP level 3. HP: 30/33 MP: 2/2
   802 | D:1      | Reached skill level 4 in Fighting
   984 | D:1      | Found Fivabyom's General Store.
   994 | D:1      | Reached skill level 1 in Maces & Flails
  1251 | D:2      | Found a faded altar of an unknown god.
  1260 | D:2      | Prayed at the altar of an unknown god.
  1260 | D:2      | Became a worshipper of Lugonu the Unformed
  1260 | D:2      | Reached * piety under Lugonu
  1260 | D:2      | Reached ** piety under Lugonu
  1352 | D:2      | Reached XP level 4. HP: 41/41 MP: 3/3
  1748 | D:3      | Reached XP level 5. HP: 40/47 MP: 4/4
  1926 | D:3      | Reached skill level 1 in Armour
  1926 | D:3      | Reached skill level 1 in Shields
  1926 | D:3      | Reached skill level 1 in Invocations
  1991 | D:3      | Reached skill level 5 in Fighting
  1991 | D:3      | Reached XP level 6. HP: 55/56 MP: 5/5
  2016 | D:3      | Found a shimmering blue altar of Sif Muna.
  2225 | D:4      | Reached *** piety under Lugonu
  2538 | D:4      | Reached XP level 7. HP: 45/61 MP: 7/7
  2882 | D:5      | Reached **** piety under Lugonu
  2931 | D:5      | Killed Edmund
  3236 | D:5      | Reached skill level 6 in Fighting
  3238 | D:5      | Reached XP level 8. HP: 59/70 MP: 8/8
  3402 | D:5      | Killed Grinder
  3427 | D:5      | Reached skill level 7 in Fighting
  3940 | D:6      | Found a staircase to the Ecumenical Temple.
  3943 | D:6      | Noticed a boulder beetle
  3981 | D:6      | HP: 1/73 [orc priest/divine providence (11)]
  3993 | D:6      | Slain by an orc warrior

Illustrated notes

Levels and vault maps discovered:
D:1:      grunt_arrival_lava_bath, layout_rooms, serial_shops, shop,
          minmay_misc_feat_encased
D:2:      layout_basic, ebering_ecumenical_altar_webs
D:3:      layout_rooms, kennysheep_orc_sif_temple
D:4:      layout_rooms
D:5:      layout_basic, st_stairs_8, minivault_27, minmay_lizard_king,
          uniq_grinder, uniq_edmund, uniq_ijyb
D:6:      layout_loops_ring, zin_scriptorium, minmay_temple_entry_large_hall

Skill      XL: |  1  2  3  4  5  6  7  8 |
---------------+-------------------------+-----
Fighting       | 4 5 6 7 |  7.2
Maces & Flails | 1 2 3 4 |  4.8
Dodging        | 2 3 |  3.6
Armour         | 1 2 3 |  3.0
Shields        | 1 2 |  2.9
Invocations    | 1 2 3 |  3.6
Stealth        | |  5.4
Unarmed Combat | |  2.9

Action                   |  1- 3 |  4- 6 |  7- 9 || total
-------------------------+-------+-------+-------++-------
Melee: Unarmed           |    58 |       |       ||    58
       Shillelagh        |    44 |    82 |    72 ||   198
Evoke: Wand              |       |       |     5 ||     5
  Use: Scroll            |     1 |       |     5 ||     6
       Potion            |     1 |       |     2 ||     3
 Stab: Sleeping          |     3 |       |     1 ||     4
       Distracted        |       |       |     1 ||     1
Armor: Leather armour    |     8 |       |       ||     8
       Ring mail         |    14 |    11 |       ||    25
       Scale mail        |       |    12 |    16 ||    28
       Chain mail        |       |     1 |       ||     1
Dodge: Dodged            |    40 |    20 |    20 ||    80
Block: Kite shield       |    22 |    52 |    49 ||   123
       Reflection        |     1 |     3 |     1 ||     5

Table legend: (Time is in decaauts)
 A = Elapsed time spent in this place.
 B = Non-inter-level travel time spent in this place.
 C = Inter-level travel time spent in this place.
 D = Time resting spent in this place.
 E = Time spent auto-exploring this place.
 F = Levels seen in this place.
 G = Mean time per level.
                   A        B        C        D        E       F      G
               +--------+--------+--------+--------+--------+-----+--------+
         Total |   4056 |   3890 |    166 |    633 |   2049 |   6 |  676.0 |
       Dungeon |   4056 |   3890 |    166 |    633 |   2049 |   6 |  676.0 |
               +--------+--------+--------+--------+--------+-----+--------+

Top non-repeatable levels by time:
     D:5: 1102 daAuts
     D:3: 871 daAuts
     D:2: 851 daAuts
     D:4: 567 daAuts
     D:1: 397 daAuts
     D:6: 266 daAuts
